 Dungeon Crawl Stone Soup version 0.30.1-11-g7821555f0a (webtiles) character file.

Game seed: 17723198927565172559

3742 RancidPinata the Fighter (level 10, 0/64 HPs)
             Began as a Gargoyle Gladiator on Dec 20, 2023.
             Was an Initiate of Okawaru.
             Slain by a killer bee (6 damage)
             ... on level 8 of the Dungeon.
             The game lasted 00:38:46 (8050 turns).

RancidPinata the Fighter (Gargoyle Gladiator)       Turns: 8050, Time: 00:38:47

Health: 0/64       AC: 18    Str: 20    XL:     10   Next: 15%
Magic:  9/10       EV: 11    Int: 20    God:    Okawaru [......]
Gold:   259        SH:  0    Dex: 13    Spells: 9/9 levels left

rFire   + . .        P - +4 flail (freeze)
rCold   + . .        (no shield)
rNeg    + . .        J - +1 scale mail of Gravity {Regen+ Int+3 Dex+2}
rPois   ∞            c - +0 helmet
rElec   +            s - scarf {rC+ rF+}
rCorr   .            n - +0 pair of gloves
SInv    .            (no boots)
Will    .....        (no amulet)
Stlth   +            i - +4 ring of slaying
HPRegen 1.10/turn    u - +6 ring of intelligence
MPRegen 0.12/turn

%: no passive effects
@: very slow
A: sickness immunity, AC +7, negative energy resistance 1, electricity
resistance, torment resistance 1, petrification resistance
a: Renounce Religion


You were on level 8 of the Dungeon.
You worshipped Okawaru.
Okawaru was noncommittal.
You visited 2 branches of the dungeon, and saw 10 of its levels.

You collected 514 gold pieces.
You spent 255 gold pieces at shops.

Inventory:

Hand Weapons
 a - a +0 flail
 M - a +0 flail of protection
 P - a +4 flail of freezing (weapon)
Missiles
 d - 4 throwing nets (quivered)
 e - a javelin
 g - 67 stones
 B - 4 poisoned darts
Armour
 c - a +0 helmet (worn)
 l - a +0 ring mail
 n - a +0 pair of gloves (worn)
 s - a scarf of resistance (worn)
 J - the +1 scale mail of Gravity (worn) {Regen+ Int+3 Dex+2}
   (You found it on level 5 of the Dungeon)

   Int:       It affects your intelligence (+3).
   Dex:       It affects your dexterity (+2).
   Regen:     It increases your rate of health regeneration.
Jewellery
 i - a +4 ring of slaying (left hand)
 t - an amulet of faith
 u - a +6 ring of intelligence (right hand)
 L - a ring of protection from fire
Wands
 A - a wand of flame (14)
 D - a wand of mindburst (35)
 K - a wand of acid (5)
Scrolls
 j - a scroll of poison {unknown}
 p - a scroll of fog {unknown}
 r - 6 scrolls of enchant armour
 y - a scroll of torment {unknown}
 z - a scroll of enchant weapon {unknown}
 C - 2 scrolls of magic mapping {unknown}
 F - a scroll of amnesia {unknown}
 G - 2 scrolls of blinking
 I - a scroll of immolation {unknown}
 N - 2 scrolls of identify
 O - a scroll of fear
Potions
 b - 2 potions of flight
 f - 2 potions of invisibility {unknown}
 h - 9 potions of curing
 k - 2 potions of haste
 m - 2 potions of magic
 o - a potion of resistance
 q - 2 potions of heal wounds
 v - 2 potions of cancellation
 w - a potion of lignification {unknown}
 x - a potion of might
 E - a potion of ambrosia {unknown}
 H - 2 potions of brilliance


   Skills:
 * Level 8.3 Fighting
 * Level 7.7 Maces & Flails
 + Level 4.8 Throwing
 + Level 5.3 Armour
 + Level 4.7 Dodging
 + Level 5.7 Stealth


You had 9 spell levels left.
You didn't know any spells.
Your spell library contained the following spells:

 Spells                   Type           Power      Damage    Failure   Level
 Kiss of Death            Conj/Necr      0%         2d5       45%         1
 Confusing Touch          Hex            0%         N/A       83%         3
 Portal Projectile        Hex/Tloc       0%         N/A       83%         3
 Stone Arrow              Conj/Erth      0%         3d7       83%         3
 Dispel Undead            Necr           0%         3d6       99%         4
 Leda's Liquefaction      Hex/Erth       0%         N/A       99%         4
 Borgnjor's Vile Clutch   Necr/Erth      0%         N/A       100%        5
 Lehudib's Crystal Spear  Conj/Erth      0%         10d2      100%        8
 Call Canine Familiar     Summ           Unusable   N/A       N/A         3
 Animate Armour           Summ/Erth      Unusable   N/A       N/A         4
 Animate Dead             Necr           Unusable   N/A       N/A         4
 Death Channel            Necr           Unusable   N/A       N/A         6

Dungeon Overview and Level Annotations

Branches:
Dungeon (9/15)             Temple (1/1) D:7
   Lair: D:8-11         Orc: D:9-12

Altars:
Ashenzari
Cheibriados
Dithmenos
Fedhas
Gozag
Hepliaklqana
Kikubaaqudgha
Makhleb
Nemelex Xobeh
Okawaru
Ru
Sif Muna
Trog
Uskayaw
Vehumet
Wu Jian
Xom
Zin
The Shining One

Shops:
D:3 *   D:4 *


Innate Abilities, Weirdness & Mutations

You are immune to sickness and miasma.
Your stone body is resilient. (AC +7)
You are immune to poison.
You resist negative energy. (rN+)
You are resistant to electric shocks. (rElec)
You are resistant to unholy torment.
You are immune to petrification.


Message History

The killer bee barely misses you.
You closely miss the killer bee. The killer bee barely misses you.
The killer bee closely misses you.
You completely miss the killer bee. The killer bee barely misses you.
The killer bee misses you. The killer bee stings you.
* * * LOW HITPOINT WARNING * * *
The killer bee closely misses you.
Your unstable footing causes you to fumble your attack.
You feel like a meek peon again. The killer bee closely misses you.
The killer bee stings you but does no damage.
The killer bee stings you.
* * * LOW HITPOINT WARNING * * *
The killer bee closely misses you.
Your unstable footing causes you to fumble your attack.
The killer bee stings you but does no damage.
The killer bee barely misses you. The killer bee closely misses you.
The killer bee stings you.
* * * LOW HITPOINT WARNING * * *
You sock the killer bee! You freeze the killer bee.
The killer bee is almost dead.
The killer bee stings you but does no damage.
The killer bee barely misses you.
The killer bee stings you but does no damage.
The killer bee barely misses you.
Unknown command.
Your unstable footing causes you to fumble your attack.
The killer bee stings you but does no damage.
The killer bee stings you.
* * * LOW HITPOINT WARNING * * *
The killer bee stings you but does no damage. x2
Your unstable footing causes you to fumble your attack.
The killer bee stings you but does no damage. x2
The killer bee stings you.
* * * LOW HITPOINT WARNING * * *
The killer bee barely misses you.
You closely miss the killer bee.
The killer bee is almost dead.
The killer bee stings you.
You die...

..##..# #............
...##.###### #...........
...##..#...## #...........
...###......####.........#
..####...................#
.####.......≈≈§≈≈......###
####.......≈≈...≈≈)..###
###..>.....≈.○○☼†y.### ####
##)#.......≈§§☼§@...# ###..##
..#.......§≈§..~†y#.###.....##
#)#.......§§§..~≈≈#).#.......##
#.#........§§§§≈≈###y#........##
..)........§§§#### #y.#.......^#
..#..........## ##.#........#
..############ #..#......## .##
##..#....###. .# #..######...


You could see 2 killer bees.

Vanquished Creatures
  3 yaks
  A steam dragon (D:8)
  A water moccasin (D:3)
  A sky beast (D:8)
  An orc warrior (D:5)
  A black bear (D:5)
  2 ice beasts
  2 ogres
  2 centaurs
  Blork the orc (D:5)
  2 bullfrogs
  2 gnoll sergeants
  5 scorpions
  6 wights
  5 killer bees (D:8)
  2 jellies
  A howler monkey (D:5)
  2 hounds (D:5)
  4 orc priests
  A gnoll bouda (D:6)
  Jessica (D:3)
  8 iguanas
  5 orc wizards
  3 sleepcaps
  Natasha (thrice) (D:4)
  8 gnolls
  9 adders
  A shadow imp (D:5)
  5 white imps
  An ufetubus (D:4)
  4 dart slugs
  24 orcs
  10 ball pythons
  6 bats
  7 endoplasms
  4 giant cockroaches
  10 goblins
  8 hobgoblins
  4 jackals
  4 kobolds
  5 quokkas
  4 frilled lizards
  6 rats
185 creatures vanquished.

Vanquished Creatures (others)
  Psyche (D:8)
  3 yaks (D:8)
  2 bullfrogs (D:8)
  A wight (D:8)
  A gnoll bouda (D:8)
  An orc (D:8)
9 creatures vanquished.

Grand Total: 194 creatures vanquished

Notes
Turn   | Place    | Note
-------+----------+-------------------------------------------
     0 | D:1      | RancidPinata the Gargoyle Gladiator began the quest for the
                  | Orb.
     0 | D:1      | Reached XP level 1. HP: 12/12 MP: 1/1
   123 | D:1      | Reached XP level 2. HP: 8/18 MP: 2/2
   373 | D:1      | Reached XP level 3. HP: 22/22 MP: 3/3
   892 | D:4      | Noticed a scorpion
   920 | D:2      | Reached skill level 1 in Armour
   926 | D:2      | Reached skill level 1 in Stealth
  1128 | D:2      | Reached skill level 3 in Fighting
  1183 | D:2      | Reached XP level 4. HP: 27/28 MP: 4/4
  2239 | D:3      | Found Mest's Assorted Antiques.
  2477 | D:3      | Noticed a water moccasin
  2498 | D:3      | Killed a water moccasin
  2499 | D:3      | Reached XP level 5. HP: 25/33 MP: 5/5
  2548 | D:3      | Reached skill level 4 in Fighting
  2548 | D:3      | Reached XP level 6. HP: 28/38 MP: 6/6
  2823 | D:3      | Noticed Jessica
  2832 | D:3      | Killed Jessica
  3183 | D:4      | Noticed Natasha
  3185 | D:4      | Killed Natasha
  3244 | D:4      | Found Ibbi's Assorted Antiques.
  3247 | D:4      | Bought a sedimented clear potion for 24 gold pieces
  3247 | D:4      | Bought a fizzy green potion for 24 gold pieces
  3247 | D:4      | Bought a fizzy dark potion for 24 gold pieces
  3247 | D:4      | Bought a dark potion for 24 gold pieces
  3293 | D:4      | Reached XP level 7. HP: 44/44 MP: 7/7
  3297 | D:4      | Noticed Natasha
  3310 | D:4      | Killed Natasha
  3657 | D:4      | Noticed Natasha
  3661 | D:4      | Killed Natasha
  4020 | D:5      | Entered Level 5 of the Dungeon
  4180 | D:5      | Reached skill level 5 in Fighting
  4517 | D:3      | Bought a scroll labelled LOFOECIBBU for 24 gold pieces
  4517 | D:3      | Bought a scroll labelled IFREDO FOIBBOA for 24 gold pieces
  4517 | D:3      | Bought a fizzy green potion for 21 gold pieces
  4517 | D:3      | Bought a viscous sapphire potion for 21 gold pieces
  4517 | D:3      | Bought a scroll labelled LOFOECIBBU for 24 gold pieces
  4517 | D:3      | Bought a scroll labelled VAFIAB CEGIGH for 24 gold pieces
  4517 | D:3      | Bought a puce potion for 21 gold pieces
  4617 | D:5      | Reached skill level 5 in Maces & Flails
  4743 | D:5      | Reached XP level 8. HP: 32/50 MP: 8/8
  5082 | D:5      | Reached skill level 6 in Fighting
  5250 | D:5      | Identified the +1 scale mail of Gravity {Regen+ Int+3
                  | Dex+2}
  5539 | D:6      | Identified the +0 leather armour of Herch {rC+ Str+3}
  5563 | D:6      | Found a burning altar of Makhleb.
  5567 | D:6      | Found an opulent altar of Gozag.
  5570 | D:6      | Found an ornate altar of the Wu Jian Council.
  5783 | D:6      | Noticed Blork the orc
  5815 | D:5      | Killed Blork the orc
  5831 | D:5      | Reached XP level 9. HP: 9/56 MP: 9/9
  6025 | D:6      | You fall into a shaft and drop 2 floors!
  6043 | D:8      | Noticed Psyche
  6060 | D:9      | HP: 2/56 [orc priest/+0 dagger (1)]
  6065 | D:9      | Noticed a two-headed ogre
  6082 | D:9      | Noticed a kobold demonologist
  6084 | D:9      | Noticed a rust devil
  6098 | D:9      | Noticed a hornet
  6101 | D:9      | Noticed an orange demon
  6212 | D:8      | Found an ancient bone altar of Kikubaaqudgha.
  6655 | D:7      | Reached skill level 7 in Fighting
  6908 | D:8      | Reached skill level 5 in Stealth
  7038 | D:7      | Found a staircase to the Ecumenical Temple.
  7044 | Temple   | Entered the Ecumenical Temple
  7229 | Temple   | Became a worshipper of Warmaster Okawaru
  7363 | D:7      | Reached skill level 5 in Armour
  7478 | D:8      | Reached skill level 8 in Fighting
  7492 | D:8      | Reached XP level 10. HP: 59/64 MP: 10/10
  7530 | D:8      | Found a shimmering altar of Xom.
  7584 | D:8      | Reached * piety under Okawaru
  7828 | D:8      | Killed Psyche
  8050 | D:8      | Slain by a killer bee

Illustrated notes

Levels and vault maps discovered:
D:1:      dreamdust_arrival_beginning_and_end, layout_basic,
          minmay_indecisive_spiral
D:2:      layout_basic, serial_rivers, chequers_serial_rivers_small_3,
          chequers_serial_rivers_micro_b, chequers_serial_rivers_large_b,
          chequers_serial_rivers_small_3, chequers_serial_rivers_micro_c,
          chequers_serial_rivers_micro_d
D:3:      minmay_chambers_of_twos, layout_loops_corners, serial_shops, shop,
          kennysheep_jessica_study
D:4:      layout_basic, serial_shops, nicolae_shop_trees, uniq_natasha
D:5:      layout_rooms, minmay_misc_feat_columns, serial_park_tiny_pond,
          kennysheep_cross_bottleneck, minmay_joined_circles
D:6:      layout_rooms, grunt_temple_overflow_diamond, uniq_blork_the_orc
D:7:      layout_rooms, minmay_temple_entry_fiery
D:8:      layout_cave_pods, kennysheep_ying_yang, xom_confusion_cloud,
          lemuel_coloured_pillars_altar, grunt_decor_mini_mirrors, uniq_psyche,
          uniq_joseph, uniq_amaemon, uniq_erica
D:9:      layout_irregular_city, david_lair_shrubbed
Temple:   nicolae_temple_bog_church

Skill      XL: |  1  2  3  4  5  6  7  8  9 |
---------------+----------------------------+-----
Throwing       | 2 3 4 |  4.8
Armour         | 1 2 3 4 5 |  5.3
Stealth        | 1 2 3 4 5 |  5.7
Fighting       | 3 4 5 6 8 |  8.3
Maces & Flails | 4 5 6 7 |  7.7
Dodging        | 3 4 |  4.7

Action                     |  1- 3 |  4- 6 |  7- 9 | 10-12 || total
---------------------------+-------+-------+-------+-------++-------
  Melee: Flail             |   106 |   131 |   337 |    57 ||   631
         Punch             |     1 |     2 |     5 |       ||     8
  Throw: Throwing net      |       |     1 |     3 |       ||     4
         Stone             |       |       |     3 |       ||     3
         Javelin           |       |       |     1 |       ||     1
 Invoke: Heroism           |       |       |       |     1 ||     1
    Use: Scroll            |       |       |    17 |       ||    17
         Potion            |       |       |     2 |       ||     2
   Stab: Sleeping          |     1 |     1 |     1 |       ||     3
         Held in net/web   |       |       |     1 |       ||     1
 Armour: Leather armour    |    24 |       |       |       ||    24
         Ring mail         |    36 |    80 |    56 |       ||   172
         Scale mail        |       |       |   133 |    91 ||   224
  Dodge: Dodged            |    76 |    89 |   177 |   109 ||   451
